 Dungeon Crawl Stone Soup version 0.30-b1-2-g02819fbbbe (webtiles) character file.

Game seed: 18110638686576939307

172 Arum the Covered (level 5, -3/43 HPs)
             Began as a Formicid Fighter on May 14, 2023.
             Was an Initiate of Okawaru.
             Slain by a river rat (6 damage)
             ... on level 3 of the Dungeon.
             The game lasted 00:02:10 (1934 turns).

Arum the Covered (Formicid Fighter)                 Turns: 1934, Time: 00:02:11

Health: -3/43      AC:  7    Str: 22    XL:     5   Next: 82%
Magic:  5/5        EV:  9    Int:  8    God:    Okawaru [......]
Gold:   108        SH:  5    Dex: 13    Spells: 4/4 levels left

rFire   . . .        a - +1 flail
rCold   . . .        c - +0 buckler
rNeg    . . .        b - +0 scale mail
rPois   .            (helmet unavailable)
rElec   .            (no cloak)
rCorr   .            (no gloves)
SInv    +            (no boots)
Will    .....        (no amulet) Stlth
                     (no ring)
HPRegen 0.27/turn    (no ring)
MPRegen 0.09/turn

%: no passive effects
@: very slow
A: permanent stasis, dig shafts and tunnels, antennae 3, four strong arms
a: Dig, Shaft Self, Renounce Religion


You were on level 3 of the Dungeon.
You worshipped Okawaru.
Okawaru was noncommittal.
You visited 1 branch of the dungeon, and saw 3 of its levels.

You collected 108 gold pieces.

Inventory:

Hand Weapons
 a - a +1 flail (weapon)
Armour
 b - a +0 scale mail (worn)
 c - a +0 buckler (worn)
Scrolls
 f - 3 scrolls of identify {unknown}
Potions
 d - a potion of might
 e - a potion of mutation {unknown}
 g - a potion of haste {unknown}


   Skills:
 + Level 4.6 Fighting
 + Level 3.5 Maces & Flails
 + Level 4.6 Armour
 - Level 4.0 Shields


You had 4 spell levels left.
You didn't know any spells.
Your spell library was empty.

Dungeon Overview and Level Annotations

Branches:
Dungeon (3/15)

Altars:
Okawaru


Innate Abilities, Weirdness & Mutations

You cannot be hasted, slowed, berserked, paralysed or teleported.
You can dig through walls and to a lower floor.
You have a pair of large antennae on your head. (SInv)
Your four strong arms can wield two-handed weapons with a shield.


Message History

No target in view!
No target in view! 2 river rats come into view.
The river rat bites you.
You hit the river rat.
The river rat is heavily wounded.
The river rat barely misses you. x2
Your unstable footing causes you to fumble your attack.
The river rat bites you. The river rat barely misses you.
The river rat bites you. x2
Your unstable footing causes you to fumble your attack.
The river rat bites you.
The river rat bites you but does no damage.
Your unstable footing causes you to fumble your attack.
You block the river rat's attack.
The river rat bites you but does no damage.
Your unstable footing causes you to fumble your attack.
The river rat barely misses you. The river rat closely misses you.
You sock the river rat!
You kill the river rat!
Okawaru accepts your kill. The river rat bites you!
You are too injured to fight recklessly!
You are too injured to fight recklessly!
You are too injured to fight recklessly!
You are too injured to fight recklessly!
You are too injured to fight recklessly!
The river rat barely misses you.
Your unstable footing causes you to fumble your attack.
The river rat bites you!
* * * LOW HITPOINT WARNING * * *
You completely miss the river rat. You block the river rat's attack.
The river rat bites you.
* * * LOW HITPOINT WARNING * * *
You closely miss the river rat. The river rat bites you.
* * * LOW HITPOINT WARNING * * *
You sock the river rat!
The river rat is severely wounded.
The river rat bites you.
You die...

*,,,,,,...(..,.# *****
*..,,,**#.#.##.#####*,,,* *...,,*
#..........##...# *....,*
#....~.....##...#
*****##..####..~~~~~.~.##...#
*,,,*#.......####~#~#~~##...#
*,,,*#.......#~~~~~~~~~##...#
,,,,*#.......#~##########...#
,,,,*#.......#~~@~~~#∩* #...#
*,,,*#.......####r#~#~###...#
,,,,*#.......#~~~~#~*~#...###
,,***#.......#~##~#~*~#....##
,,,.##.......#~*~~#{*~#<....##
*,*..........#~*~##~*~#......#
,,,,.#..##)###{#~**{~~#......###
.,.*..#.*#.###~#~{*~**#........##
.*.*#,.,*#...##########..........


You could see a river rat.

Vanquished Creatures
  2 orc wizards (D:3)
  Terence (D:2)
  3 adders
  A river rat (D:3)
  A dart slug (D:1)
  3 orcs (D:3)
  4 endoplasms
  4 giant cockroaches
  9 goblins
  3 hobgoblins
  5 kobolds
  6 quokkas
  5 ball pythons
  6 bats
  5 frilled lizards
  2 rats
60 creatures vanquished.

Notes
Turn   | Place    | Note
-------+----------+-------------------------------------------
     0 | D:1      | Arum the Formicid Fighter began the quest for the Orb.
     0 | D:1      | Reached XP level 1. HP: 18/18 MP: 1/1
   103 | D:1      | Reached XP level 2. HP: 24/24 MP: 2/2
   383 | D:1      | Reached XP level 3. HP: 21/30 MP: 3/3
   952 | D:2      | Reached XP level 4. HP: 27/37 MP: 4/4
  1188 | D:2      | Noticed Terence
  1198 | D:2      | Killed Terence
  1808 | D:3      | Found an iron altar of Okawaru.
  1816 | D:3      | Became a worshipper of Warmaster Okawaru
  1837 | D:3      | Found a faded altar of an unknown god.
  1877 | D:3      | Reached XP level 5. HP: 42/42 MP: 5/5
  1934 | D:3      | Slain by a river rat

Illustrated notes

Levels and vault maps discovered:
D:1:      psy_arrival_conway, layout_basic, chequers_serial_rivers_micro_b,
          grunt_decor_cap
D:2:      layout_basic, uniq_terence
D:3:      layout_rooms, mainiacjoe_overflow_cross_hatched,
          dreamdust_ecumenical_altar_statues, lightli_sewer_entry_pipes,
          hangedman_glass_teeth, hangedman_decor_points, uniq_natasha

Skill      XL: |  1  2  3  4 |
---------------+-------------+-----
Fighting       | 4 |  4.6
Armour         | 4 |  4.6
Maces & Flails | 3 |  3.5
Shields        | |  4.0

Action                     |  1- 3 |  4- 6 || total
---------------------------+-------+-------++-------
  Melee: Flail             |    97 |    88 ||   185
    Use: Scroll            |       |     2 ||     2
 Armour: Scale mail        |    57 |    30 ||    87
  Dodge: Dodged            |    56 |    40 ||    96
  Block: Buckler           |    26 |    24 ||    50
